 Dungeon Crawl Stone Soup version 0.22-a0-40-g3d2f077def (webtiles) character file.

58 Manul the Twirler (level 3, -1/27 HPs)
             Began as a Demonspawn Gladiator on Jan 5, 2018.
             Was a Follower of Makhleb.
             Slain by a kobold (3 damage)
             ... on level 2 of the Dungeon.
             The game lasted 00:01:30 (2191 turns).

Manul the Twirler (Demonspawn Gladiator)            Turns: 2191, Time: 00:01:31

Health: -1/27      AC:  4    Str: 14    XL:     3   Next: 76%
Magic:  0/3        EV: 13    Int:  9    God:    Makhleb [*.....]
Gold:   116        SH:  0    Dex: 15    Spells: 2/2 levels left

rFire    . . .     SeeInvis .   a - +0 quarterstaff
rCold    . . .     Gourm    .   (shield currently unavailable)
rNeg     . . .     Faith    .   b - +0 leather armour
rPois    .         Spirit   +   c - +0 helmet
rElec    .         Reflect  .   (no cloak)
rCorr    .         Harm     .   (no gloves)
MR       .....                  (no boots)
Stlth    +.........             (no amulet)
HPRegen  0.09/turn              (no ring)
MPRegen  0.08/turn              (no ring)

@: no status effects
A: magic shield
a: Renounce Religion


You were on level 2 of the Dungeon.
You worshipped Makhleb.
Makhleb was aware of your devotion.
You were very hungry.

You visited 1 branch of the dungeon, and saw 2 of its levels.

You collected 116 gold pieces.

Inventory:

Hand Weapons
 a - a +0 quarterstaff (weapon)
Missiles
 d - 3 throwing nets (quivered)
Armour
 b - a +0 leather armour (worn)
 c - a +0 helmet (worn)
Scrolls
 e - a scroll of teleportation {unknown}
 j - a scroll of blinking {unknown}
 k - 3 scrolls of identify {unknown}
 l - a scroll of random uselessness {unknown}
 n - a scroll of noise {unknown}
Potions
 g - a potion of berserk rage {unknown}
 i - 4 potions of curing {unknown}
 m - a potion of brilliance {unknown}
Comestibles
 f - 3 rations


   Skills:
 + Level 2.2 Fighting
 + Level 3.6 Staves
 + Level 1.8 Throwing
 + Level 0.6 Armour
 + Level 3.0 Dodging
 + Level 0.4 Stealth


You had 2 spell levels left.
You didn't know any spells.

Dungeon Overview and Level Annotations

Branches:
Dungeon (2/15)

Altars:
Elyvilon
Makhleb
Zin
The Shining One


Innate Abilities, Weirdness & Mutations

When hurt, damage is shared between your health and your magic reserves.


Message History

The kobold hits you but does no damage. The kobold closely misses you.
The kobold hits you but does no damage. The kobold closely misses you.
The kobold closely misses you. The kobold misses you.
The kobold hits you but does no damage. The kobold closely misses you.
The kobold misses you. The kobold barely misses you.
You are feeling very hungry.
The kobold hits you.
* * * LOW HITPOINT WARNING * * *
The kobold barely misses you. The kobold closely misses you.
The kobold hits you but does no damage. The kobold closely misses you.
The kobold hits you but does no damage. The kobold hits you.
You die...

# ########## ..........
########............
#..@K.............##
#.###############.##
##'##### #... #......#
###. #......# #..
#......# #.. #......##
########.. ###.......#
#.........
#......##.####'######..


You could see a kobold.

Vanquished Creatures
  A worm (D:2)
  2 dart slugs
  A leopard gecko (D:1)
  5 bats
  3 giant cockroaches
  6 goblins (D:2)
  7 hobgoblins
  3 jackals (D:1)
  8 kobolds
  A quokka (D:2)
  4 frilled lizards (D:2)
  4 rats
45 creatures vanquished.

Notes
Turn   | Place    | Note
-------+----------+-------------------------------------------
     0 | D:1      | Manul the Demonspawn Gladiator began the quest for the Orb.
     0 | D:1      | Reached XP level 1. HP: 16/16 MP: 1/1
   214 | D:1      | Gained mutation: When hurt, damage is shared between your health and your magic reserves. [demonic ancestry]
   214 | D:1      | Reached XP level 2. HP: 22/22 MP: 2/2
   893 | D:2      | Reached XP level 3. HP: 20/27 MP: 3/3
  1372 | D:2      | Found a faded altar of an unknown god.
  1815 | D:2      | Became a worshipper of Makhleb the Destroyer
  1815 | D:2      | Reached * piety under Makhleb
  1905 | D:2      | Found a glowing golden altar of the Shining One.
  1905 | D:2      | Found a white marble altar of Elyvilon.
  1905 | D:2      | Found a glowing silver altar of Zin.
  2174 | D:2      | HP: 1/27 [kobold (3)]
  2185 | D:2      | HP: 1/27 [kobold (1)]
  2191 | D:2      | Slain by a kobold

Vault maps used:
D:1:      dpeg_arrival_stone_temple_mockup, serial_forest,
          infiniplex_forest_clump_double, infiniplex_forest_lined_room_2,
          infiniplex_forest_lined_corner, infiniplex_forest_clump_diagonal,
          infiniplex_forest_clump_long, infiniplex_forest_clump_long,
          infiniplex_forest_clump_long, nrook_mini_backslash,
          corexii_leaking_fountain
D:2:      good_gods_mini_temple, chequers_ecumenical_altar_grove

Skill      XL: |  1  2 |
---------------+-------+-----
Staves         | 3 |  3.6
Dodging        | 3 |  3.0
Fighting       | |  2.2
Throwing       | |  1.8
Armour         | |  0.6
Stealth        | |  0.4

Action                   || total
-------------------------++-------
Melee: Quarterstaff      ||   113
 Stab: Sleeping          ||     2
  Eat: Chunk             ||     3
Armor: Leather armour    ||    42
Dodge: Dodged            ||   155

Table legend:
 A = Spawn XP
 B = Non-spawn XP
 C = Spawn XP percentage of total XP
 D = Spawn monster count
 E = Non-spawn monster count
 F = Spawn count percentage of total count
 G = Total turns spent on level
                    A         B        C        D         E        F      G
               +---------+---------+-------+---------+---------+-------+---------
         Total |       0 |      84 |   0.0 |       0 |      45 |   0.0 |  2191
               +---------+---------+-------+---------+---------+-------+---------
           D:1 |       0 |      38 |   0.0 |       0 |      20 |   0.0 |   831
           D:2 |       0 |      46 |   0.0 |       0 |      25 |   0.0 |  1360
               +---------+---------+-------+---------+---------+-------+---------
